Map: New Repugnancy LE

Players

Mantric - Winner!

  • Race: Zerg Zerg
  • League: Diamond
  • Spawn Location: 7:00

McStruthers

  • Race: Terran Terran
  • League: Silver
  • Spawn Location: 1:00

VOD

Have the link to the VOD?

Description

Time

  • Played on: March 16, 2019, 2:48 p.m.
  • Length: 3:30
Show
View Real Time Build Order
Export as new Build Order

Mantric Zerg - Winner!

Build Orders: Pool First 

Get SALT Encoding   

  12  0:00  Drone  
  13  0:09  Drone  
  14  0:18  Extractor, Drone  
  14  0:32  Spawning Pool  
  13  0:36  Drone  
  14  0:45  Overlord  
  14  0:52  Extractor  
  14  0:55  Extractor, Drone  
  15  1:03  Drone  
  16  1:19  Metabolic Boost  
  16  1:21  Zergling x6  
  19  1:42  Hatchery  
  19  1:47  Drone  
  19  1:56  Queen  
  21  2:03  Overlord  
  21  2:08  Drone  
  22  2:21  Drone  
  22  2:22  Drone  
  24  2:36  Zergling x4  
  26  2:48  Zergling x2  
  27  2:57  Zergling x2  
  28  3:01  Drone  
  31  3:08  Zergling x2  
  31  3:09  Zergling x2  
Show
View Real Time Build Order
Export as new Build Order

McStruthers Terran 

Build Orders:  

Get SALT Encoding   

  12  0:00  SCV  
  13  0:13  SCV  
  14  0:18  Supply Depot  
  14  0:25  SCV  
  15  0:39  SCV  
  15  0:41  Barracks  
  16  0:46  Refinery  
  16  0:51  SCV  
  17  1:03  SCV  
  18  1:15  SCV  
  19  1:32  Command Center  
  19  1:48  Orbital Command  
  19  1:51  Marine  
  19  2:05  Factory  
  19  2:09  Marine  
  20  2:19  Supply Depot  
  19  2:27  Marine  
  19  2:30  Bunker  
  18  2:45  Marine  
  18  2:50  Hellion  
  16  3:02  Marine  
Tags
 
Add a new tag
Caveats
  • Supply blocks, unpowered buildings, or Contaminate may cause inaccurate times.
  • Supply counts are checked every 10 seconds.